 Dungeon Crawl Stone Soup version 0.25-a0-471-g78e40d7af6 (webtiles) character file.

Game seed: 12390930578067466725, levelgen mode: deterministic

169 Ijustatesigmund the Chopper (level 5, 0/47 HPs)
             Began as a Hill Orc Fighter on Feb 6, 2020.
             Slain by Grinder (10 damage)
             ... on level 3 of the Dungeon.
             The game lasted 00:04:50 (2267 turns).

Ijustatesigmund the Chopper (Hill Orc Fighter)      Turns: 2267, Time: 00:04:50

Health: 0/47       AC:  6    Str: 19    XL:     5   Next: 50%
Magic:  5/5        EV:  7    Int:  8    God:
Gold:   70         SH: 10    Dex: 11    Spells: 4/4 levels left

rFire    . . .     SeeInvis .   a - +0 war axe
rCold    . . .     Gourm    .   c - +1 shield
rNeg     . . .     Faith    .   b - +0 scale mail
rPois    .         Spirit   .   (no helmet)
rElec    .         Reflect  .   (no cloak)
rCorr    .         Harm     .   (no gloves)
MR       .....                  (no boots)
Stlth    ..........             (no amulet)
HPRegen  0.15/turn              (no ring)
MPRegen  0.09/turn              (no ring)

@: no status effects
A: no striking features
a: no special abilities


You were on level 3 of the Dungeon.
You were hungry.

You visited 1 branch of the dungeon, and saw 3 of its levels.

You collected 70 gold pieces.

Inventory:

Hand Weapons
 a - a +0 war axe (weapon)
Armour
 b - a +0 scale mail (worn)
 c - a +1 shield (worn)
Scrolls
 d - a scroll of teleportation {unknown}
 i - a scroll of fog
Potions
 h - a potion of curing
Comestibles
 f - 6 rations


   Skills:
 + Level 4.9 Fighting
 + Level 6.0 Axes
 - Level 3.2 Armour
 + Level 3.7 Shields


You had 4 spell levels left.
You didn't know any spells.
Your spell library was empty.

Dungeon Overview and Level Annotations

Branches:
Dungeon (3/15)

Altars:
Dithmenos
Ru

Annotations:
D:3 Grinder


Message History

A kobold comes into view. It is wielding a +0 whip.
The kobold shouts!
Grinder drinks a potion.
Grinder seems to grow stronger.
You closely miss Grinder. Grinder gestures at you.
Pain shoots through your body!
You hit Grinder.
Grinder is lightly wounded.
Grinder blinks!
The kobold throws a stone.
You block the stone. The kobold hits you but does no damage.
You closely miss the kobold. You hit Grinder. Grinder hits you!
You writhe in agony.
* * * LOW HITPOINT WARNING * * *
The kobold hits you with a +0 whip.
* * * LOW HITPOINT WARNING * * *
You block Grinder's attack.
You slash the kobold!
You kill the kobold!
You barely miss Grinder. Grinder hits you!
You die...

#.###### #..#####
#.# ##.###......)
##.###.#.##..#####
#.....###....#####
#......#......<...
#.####..#.#..#####
#...........## #
##(5#.#.#.#..#
#.@..........#
#..).#.#.#.#..#
#.............#
#....#.#.#.#..#
##............#
###.#.#.#.#..#
....... .#.#.##


You could see Grinder.

Vanquished Creatures
  2 orc wizards (D:3)
  3 adders (D:2)
  3 worms (D:2)
  4 dart slugs
  4 leopard geckos
  2 orcs (D:3)
  3 ball pythons
  2 giant cockroaches (D:1)
  8 goblins
  6 hobgoblins
  9 jackals
  5 kobolds
  7 bats
  2 frilled lizards (D:1)
  4 rats
64 creatures vanquished.

Notes
Turn   | Place    | Note
-------+----------+-------------------------------------------
     0 | D:1      | Ijustatesigmund the Hill Orc Fighter began the quest for
                  | the Orb.
     0 | D:1      | Reached XP level 1. HP: 19/19 MP: 1/1
    22 | D:1      | Reached skill level 3 in Axes
    43 | D:1      | Reached XP level 2. HP: 18/26 MP: 2/2
   152 | D:1      | Reached skill level 4 in Axes
   470 | D:1      | Reached XP level 3. HP: 31/31 MP: 3/3
  1180 | D:2      | Reached skill level 5 in Axes
  1426 | D:2      | Reached XP level 4. HP: 40/40 MP: 4/4
  1547 | D:2      | Found a sacrificial altar of Ru.
  1829 | D:2      | Found a shadowy altar of Dithmenos.
  1928 | D:3      | Reached XP level 5. HP: 17/47 MP: 5/5
  1930 | D:3      | Reached skill level 6 in Axes
  2258 | D:3      | Noticed Grinder
  2267 | D:3      | Slain by Grinder

Levels and vault maps discovered:
D:1:      dpeg_arrival_shrine, layout_basic, serial_curves, eino_curves_03,
          eino_curves_02, lemuel_flame_loot_1
D:2:      layout_basic, nicolae_overflow_hidden_temple, nicolae_ru_awakened_eye,
          first_ration
D:3:      layout_loops_ring, chequers_ecumenical_altar_grove, serial_glass,
          glass_columns_c, glass_columns_b, chequers_decorated_corner,
          uniq_robin, uniq_grinder

Skill      XL: |  1  2  3  4  5 |
---------------+----------------+-----
Axes           | 3 4 5 6 |  6.0
Fighting       | 4 |  4.9
Armour         | |  3.2
Shields        | |  3.7

Action                   |  1- 3 |  4- 6 || total
-------------------------+-------+-------++-------
Melee: War axe           |    90 |    97 ||   187
  Use: Scroll            |     3 |     2 ||     5
       Potion            |       |     3 ||     3
  Eat: Chunk             |     1 |     3 ||     4
Armor: Scale mail        |    43 |    39 ||    82
Dodge: Dodged            |    45 |    20 ||    65
Block: Shield            |    70 |    74 ||   144

Table legend:
 A = Non-vault XP
 B = Vault XP
 C = Vault XP percentage of total XP
 D = Non-vault monster count
 E = Vault monster count
 F = Vault count percentage of total count
                 A         B        C        D         E       F
            +---------+---------+-------+---------+---------+-------
      Total |     242 |       0 |   0.0 |      64 |       0 |   0.0
            +---------+---------+-------+---------+---------+-------
        D:1 |      49 |       0 |   0.0 |      27 |       0 |   0.0
        D:2 |     102 |       0 |   0.0 |      30 |       0 |   0.0
        D:3 |      91 |       0 |   0.0 |       7 |       0 |   0.0
            +---------+---------+-------+---------+---------+-------
